 Dungeon Crawl Stone Soup version 0.25-a0-71-ge910a4a (webtiles) character file.

Game seed: 2767438532149896964, levelgen mode: deterministic

103155 Spazmo the Scorcher (level 15, -3/86 HPs)
             Began as a Deep Elf Fire Elementalist on Nov 1, 2019.
             Was the Champion of Vehumet.
             Slain by a tentacle (28 damage)
             ... attached to a kraken
             ... on level 3 of the Shoals on Nov 4, 2019.
             The game lasted 01:54:45 (25510 turns).

Spazmo the Scorcher (Deep Elf Fire Elementalist)   Turns: 25510, Time: 01:54:47

Health: -3/86      AC: 15    Str:  8    XL:     15   Next: 88%
Magic:  54/54      EV: 19    Int: 31    God:    Vehumet [******]
Gold:   1170       SH:  8    Dex: 15    Spells: 12/44 levels left

rFire    + . .     SeeInvis +   F - staff of fire
rCold    + . .     Gourm    .   a - +3 buckler {rN+}
rNeg     + . .     Faith    .   I - +1 robe {rC+}
rPois    .         Spirit   .   t - +0 helmet of Daisies {*Contam rElec MP+9 Int+4}
rElec    +         Reflect  .   C - scarf {cloud immunity}
rCorr    .         Harm     .   K - +1 pair of gloves "Wijid" {SInv}
MR       ++...                  u - +0 pair of boots
Stlth    ++........             O - amulet of magic regeneration
HPRegen  0.24/turn              U - ring of Robustness {AC+8}
MPRegen  0.59/turn              H - ring "Qeikoust" {MR+ MP+9 Str+3}

@: no status effects
A: no striking features
a: Renounce Religion


You were on level 3 of the Shoals.
You worshipped Vehumet.
Vehumet was exalted by your worship.
You were not hungry.

You visited 6 branches of the dungeon, and saw 29 of its levels.
You visited 1 bazaar.
You also visited: Ossuary.

You collected 2297 gold pieces.
You spent 1127 gold pieces at shops.

Inventory:

Hand Weapons
 G - the +3 war axe of the Vine {chop, +Fly Dex+3}
   (You found it on level 10 of the Dungeon)

   It inflicts extra damage upon your enemies.
   It affects your dexterity (+3).
   It lets you fly.
 R - a +5 short sword of electrocution
Missiles
 b - 912 stones (quivered)
Armour
 a - a +3 buckler of positive energy (worn)
 k - a +2 cloak of poison resistance
 p - a +2 robe of fire resistance
 t - the +0 helmet of Daisies (worn) {*Contam rElec MP+9 Int+4}
   (You found it on level 4 of the Dungeon)

   It affects your intelligence (+4).
   It insulates you from electricity.
   It affects your magic capacity (+9).
   It causes magical contamination when unequipped.
 u - a +0 pair of boots (worn)
 C - a scarf of cloud immunity (worn)
 I - a +1 robe of cold resistance (worn)
 K - the +1 pair of gloves "Wijid" (worn) {SInv}
   (You acquired it on level 3 of the Lair of Beasts)

   It lets you see invisible.
Magical Staves
 y - an uncursed staff of poison
 F - an uncursed staff of fire (weapon)
 S - an uncursed staff of earth
Jewellery
 o - an uncursed ring of see invisible
 D - an uncursed ring of ice
 H - the ring "Qeikoust" (right hand) {MR+ MP+9 Str+3}
   (You found it on level 1 of the Lair of Beasts)

   [ring of magical power]

   It affects your strength (+3).
   It affects your resistance to hostile enchantments.
   It affects your magic capacity (+9).
 J - an uncursed ring of positive energy
 O - an amulet of magic regeneration (around neck)
 U - the ring of Robustness (left hand) {AC+8}
   (You found it on level 13 of the Dungeon)

   [ring of protection]

   It affects your AC (+8).
Wands
 l - a wand of disintegration (44)
 L - a wand of clouds (14)
 P - a wand of scattershot (6)
Scrolls
 g - 15 scrolls of remove curse
 m - 5 scrolls of amnesia
 q - 14 scrolls of teleportation
 v - 8 scrolls of identify
 w - a scroll of enchant weapon
 B - 3 scrolls of holy word
 E - 2 scrolls of fear
 N - 3 scrolls of fog
 W - 3 scrolls of magic mapping
 X - 3 scrolls of enchant armour
 Y - a scroll of blinking
Potions
 d - 5 potions of ambrosia
 e - 3 potions of resistance
 f - 2 potions of brilliance
 h - 6 potions of might
 i - 5 potions of curing
 j - 7 potions of cancellation
 n - 5 potions of agility
 r - 4 potions of mutation
 s - 2 potions of heal wounds
 z - 2 potions of haste
 A - 2 potions of flight
 T - a potion of invisibility
Miscellaneous
 Q - a crystal ball of energy
Comestibles
 c - 32 rations


   Skills:
 - Level 7.2 Fighting
 - Level 10.1 Dodging
 - Level 2.4 Stealth
 - Level 4.0 Shields
 - Level 15.0 Spellcasting
 + Level 16.4 Conjurations
 + Level 16.4 Fire Magic
 - Level 8.2 Earth Magic


You had 12 spell levels left.
You knew the following spells:

 Your Spells              Type           Power        Failure   Level  Hunger
a - Flame Tongue          Conj/Fire      #####        0%          1    None
b - Throw Flame           Conj/Fire      ######       0%          2    None
c - Conjure Flame         Conj/Fire      ########     0%          3    None
d - Sticky Flame          Conj/Fire      ########     0%          4    None
e - Fireball              Conj/Fire      ########..   1%          5    None
f - Bolt of Magma         Conj/Fire/Erth ########..   1%          5    None
g - Iron Shot             Conj/Erth      #######...   1%          6    ###....
h - Bolt of Fire          Conj/Fire      ########..   1%          6    ###....

Your spell library contained the following spells:

 Spells                   Type           Power        Failure   Level  Hunger
 Freezing Cloud           Conj/Ice/Air   ######....   9%          6    ###....
 Beastly Appendage        Tmut           ###...       1%          1    None
 Corona                   Hex            ###....      1%          1    None
 Freeze                   Ice            ###.         1%          1    None
 Sting                    Conj/Pois      ####         1%          1    None
 Summon Butterflies       Summ           ###.....     1%          1    None
 Throw Frost              Conj/Ice       ######       1%          2    None
 Inner Flame              Hex/Fire       #######.     1%          3    None
 Mephitic Cloud           Conj/Pois/Air  ######..     1%          3    None
 Force Lance              Conj/Tloc      ######..     1%          4    None
 Throw Icicle             Conj/Ice       ######..     1%          4    None
 Bolt of Draining         Conj/Necr      ######....   1%          5    None
 Venom Bolt               Conj/Pois      ######....   1%          5    None
 Corpse Rot               Necr           N/A          3%          2    None
 Poisonous Vapours        Pois/Air       ###...       3%          2    None
 Slow                     Hex            ###.....     3%          2    None
 Sticks to Snakes         Tmut           ###.....     3%          2    None
 Sublimation of Blood     Necr           ###.......   3%          2    None
 Leda's Liquefaction      Hex/Erth       #####.....   3%          4    None
 Olgreb's Toxic Radiance  Pois           ###.....     5%          4    None
 Call Canine Familiar     Summ           ###.....     6%          3    None
 Gell's Gravitas          Tloc           ###.......   6%          3    None
 Ozocubu's Armour         Chrm/Ice       ###.....     6%          3    None
 Portal Projectile        Hex/Tloc       ###...       6%          3    None
 Spider Form              Tmut/Pois      ###.......   6%          3    None
 Cause Fear               Hex            ###.......   19%         4    None
 Ice Form                 Ice/Tmut       ###.....     19%         4    None
 Summon Ice Beast         Ice/Summ       ###.....     19%         4    None
 Agony                    Necr           ###.....     47%         5    None
 Blade Hands              Tmut           ###.......   47%         5    None
 Dispel Undead            Necr           ###.....     47%         5    None
 Excruciating Wounds      Chrm/Necr      ###.......   47%         5    None
 Summon Mana Viper        Hex/Summ       ###.....     47%         5    None
 Dispersal                Tloc           ###.......   96%         6    ###....
 Dragon Form              Tmut           ###.......   100%        7    #####..
 Summon Hydra             Summ           ###.......   100%        7    #####..
 Controlled Blink         Tloc           N/A          100%        8    ######.
 Disjunction              Tloc           ###.......   100%        8    ######.
 Dragon's Call            Summ           ###.......   100%        9    #######


Dungeon Overview and Level Annotations

Branches:
Dungeon (14/15)            Temple (1/1) D:5            Lair (6/6) D:10
 Shoals (3/4) Lair:2        Snake (3/4) Lair:4        Slime (0/5) Lair:6
    Orc (2/2) D:11            Elf (0/3) Orc:2        Vaults (0/5) D:14
Ossuary (visited)

Altars:
Cheibriados
Dithmenos
Fedhas
Kikubaaqudgha
Makhleb
Okawaru
Qazlal
Ru
Sif Muna
Trog
Uskayaw
Vehumet
Wu Jian
Xom
Zin
Beogh
Jiyva

Shops:
D:5 %   D:6 }*(*   D:10 (   Orc:1 }   Orc:2 [%**   Shoals:3 (   Snake:2 %

Portals:
Trove: D:11 (give 7 potions of agility)

Annotations:
D:6 1 runed translucent door, waywinkle's ghost, novice VSTm
D:12 3 runed translucent doors, bonscott's ghost, journeyman GnNe
Lair:3 3 runed translucent doors, dforspid's ghost, journeyman DsWn


Message History

The tentacle slaps you. The tentacle slaps you!
A tentacle segment bursts forth from the water.
The tentacle slaps you! You block the tentacle's attack.
The tentacle closely misses you.
You climb upwards.
There is a stone staircase leading down here.
You eat one of the 33 rations.
That ration really hit the spot!
You start resting.
Magic restored.
Okay, then.
You start resting.
HP restored.
You climb downwards.
The harpy screeches!
You block the harpy's attack. The harpy claws you but does no damage.
The tentacle slaps you!! You block the tentacle's attack.
The tentacle slaps you! The tentacle slaps you!!
* * * LOW HITPOINT WARNING * * *
The tentacle slaps you!!
You die...

≈≈≈ ≈≈≈ ≈≈≈≈≈≈≈.. ≈≈≈
≈≈≈≈X≈≈.# ≈≈≈ ≈≈≈≈≈≈..#
≈≈≈≈ ≈≈≈≈≈≈w.##### ≈≈≈≈
≈≈≈≈≈≈^...## ≈≈≈≈
.**≈.....## ≈≈≈≈ #www≈≈≈≈≈≈
≈≈≈≈ #.@÷≈≈≈≈≈≈ ≈≈≈≈
#..≈≈≈≈≈≈≈ ≈≈≈≈ ≈H..≈≈≈≈≈≈≈
≈≈≈≈ ≈≈÷÷.÷≈≈≈≈≈≈≈ ≈≈≈≈
≈≈≈≈≈≈≈≈≈≈≈≈≈≈≈ ≈≈≈≈
≈≈≈≈≈≈≈≈≈≈≈≈≈≈≈ ≈≈≈≈
≈≈≈≈≈≈≈≈≈≈≈≈≈≈≈
≈≈≈≈≈≈≈≈≈≈≈≈≈≈≈≈≈≈≈≈≈≈≈≈
≈≈≈≈≈≈≈≈≈≈≈≈≈≈≈≈≈≈≈≈≈≈≈≈≈≈≈


You could see a kraken, 4 tentacles and a harpy.

Vanquished Creatures
  A nagaraja (Snake:2)
  The ghost of Lochoherch the Cardsharp, a journeyman DsFi of Nemelex Xobeh (D:13)
  2 merfolk impalers
  Fannar (Lair:2)
  5 hydras
  6 naga warriors
  A centaur warrior (D:11)
  An anaconda (Snake:2)
  A merfolk aquamancer (Shoals:2)
  2 catoblepae
  3 merfolk avatars
  A two-headed ogre (Orc:2)
  A deep troll shaman (Lair:6)
  3 death yaks (Lair:6)
  A satyr (Shoals:2)
  A naga sharpshooter (Snake:3)
  Urug (Lair:3)
  Nergalle (D:12)
  A shock serpent (Snake:2)
  A salamander mystic (Snake:3)
  An unseen horror (D:10)
  4 sea snakes
  A lindwurm (Lair:6)
  Pikel (D:5)
  3 orc knights
  3 mana vipers
  A wolf spider zombie (D:13)
  11 harpies
  An orc sorcerer (Orc:1)
  An ugly thing (D:13)
  2 deep elf magi (D:12)
  4 cyclopes
  4 oklob plants (Lair:5)
  2 fauns (Shoals:2)
  4 salamanders
  6 manticores
  9 elephants (Lair:6)
  8 merfolk sirens
  6 naga magi
  8 water nymphs
  11 black mambas
  8 spiny frogs
  A gargoyle (D:13)
  9 komodo dragons
  A kobold demonologist (D:11)
  A rime drake (Lair:5)
  11 merfolk
  7 trolls
  2 hornets
  2 polar bears
  5 slime creatures (D:12)
  8 dream sheep
  4 wind drakes
  9 blink frogs
  13 hippogriffs
  3 snapping turtles
  Sigmund (D:5)
  A spriggan (D:7)
  Eustachio (D:6)
  2 shadows
  A wyvern (Lair:5)
  6 water elementals
  29 yaks
  2 steam dragons
  A wraith (D:13)
  A basilisk (Lair:3)
  2 hungry ghosts
  3 wargs
  10 nagas
  Duvessa (D:7)
  29 water moccasins
  50 orc warriors
  14 porcupines
  2 sky beasts
  4 phantoms
  3 ice beasts
  4 black bears
  6 ogres
  15 centaurs
  9 wolves
  6 necrophages (Lair:4)
  6 crocodiles
  5 big kobolds
  An elf zombie (Ossuary)
  16 bullfrogs
  2 elf skeletons (D:4)
  A gnoll sergeant (D:10)
  Dowan (D:7)
  15 killer bees
  3 scorpions
  A howler monkey (D:5)
  4 electric eels (D:13)
  4 crimson imps
  A bullfrog zombie (D:7)
  4 centaur zombies
  4 hounds
  16 orc priests
  A centaur skeleton (D:6)
  A human skeleton (D:4)
  3 jellies
  3 bullfrog skeletons
  3 human zombies
  17 orc wizards
  Ijyb (D:5)
  4 iguanas
  9 hell rats (Lair:6)
  12 worker ants
  A big kobold zombie (Ossuary)
  2 hound skeletons
  2 mummies (Ossuary)
  24 adders
  7 gnolls
  4 shadow imps
  3 oozes
  2 adder skeletons
  2 adder zombies
  A dart slug (D:1)
  3 worms
  2 leopard geckos
  87 orcs
  A ball python (D:4)
  5 bats
  7 giant cockroaches
  11 goblins
  13 hobgoblins
  23 jackals
  6 quokkas
  5 frilled lizards
  A goblin zombie (Ossuary)
  8 hobgoblin zombies (Ossuary)
  A jackal zombie (D:7)
  25 kobolds
  11 kobold zombies (Ossuary)
  A leopard gecko skeleton (D:8)
  2 orc skeletons (D:4)
  10 orc zombies (Ossuary)
  5 rats
  A fungus (Lair:5)
  28 plants
855 creatures vanquished.

Vanquished Creatures (others)
  2 fungi
  2 plants
4 creatures vanquished.

Grand Total: 859 creatures vanquished

Notes
Turn   | Place    | Note
-------+----------+-------------------------------------------
     0 | D:1      | Spazmo the Deep Elf Fire Elementalist began the quest for
                  | the Orb.
     0 | D:1      | Reached XP level 1. HP: 10/10 MP: 6/6
    79 | D:1      | Reached XP level 2. HP: 15/15 MP: 5/8
    86 | D:1      | Learned a level 2 spell: Throw Flame
   478 | D:1      | Reached XP level 3. HP: 12/19 MP: 2/10
   483 | D:1      | Learned a level 3 spell: Conjure Flame
  1049 | D:2      | Reached XP level 4. HP: 23/24 MP: 3/12
  1057 | D:2      | Learned a level 4 spell: Sticky Flame
  1594 | D:3      | Reached XP level 5. HP: 28/28 MP: 9/14
  1837 | D:3      | Reached skill level 5 in Spellcasting
  2078 | D:3      | Reached skill level 5 in Fire Magic
  2100 | D:3      | Reached XP level 6. HP: 32/32 MP: 0/16
  2562 | D:4      | Got a jewelled helmet
  2563 | D:4      | Identified the cursed +0 helmet of Daisies {*Contam rElec
                  | MP+9 Int+4} (You found it on level 4 of the Dungeon)
  2884 | D:4      | Found a sand-covered staircase.
  2951 | Ossuary  | Entered an ossuary
  3195 | Ossuary  | Reached XP level 7. HP: 35/36 MP: 18/18
  3392 | Ossuary  | Reached skill level 5 in Conjurations
  4026 | D:4      | Upgraded the game from 0.25-a0-63-gbefff83 to
                  | 0.25-a0-66-gfe83247
  4057 | D:5      | Entered Level 5 of the Dungeon
  4075 | D:5      | Learned a level 5 spell: Fireball
  4255 | D:5      | Noticed Sigmund
  4265 | D:5      | Killed Sigmund
  4265 | D:5      | Reached XP level 8. HP: 37/41 MP: 21/21
  4306 | D:5      | Noticed Ijyb
  4315 | D:5      | Killed Ijyb
  4517 | D:5      | Found a staircase to the Ecumenical Temple.
  4526 | Temple   | Entered the Ecumenical Temple
  4609 | Temple   | Became a worshipper of Vehumet
  4936 | D:5      | Noticed Pikel
  4953 | D:5      | Killed Pikel
  5097 | D:5      | Found Feow's Food Shop.
  5236 | D:6      | Found a stormy altar of Qazlal.
  5363 | D:6      | Reached * piety under Vehumet
  5363 | D:6      | Offered knowledge of Freeze by Vehumet.
  5363 | D:6      | Reached XP level 9. HP: 45/45 MP: 23/24
  5364 | D:6      | Found Hikhuhat's Gadget Boutique.
  5405 | D:6      | Found Sieprum's Assorted Antiques.
  5412 | D:6      | Noticed Eustachio
  5417 | D:6      | Found Ran Wicu's Antique Weapon Boutique.
  5652 | D:6      | Killed Eustachio
  5741 | D:6      | Found Bucroegg's Assorted Antiques.
  5816 | D:6      | Found a runed translucent door.
  5816 | D:6      | Noticed waywinkle's ghost (novice VSTm)
  5922 | D:6      | Found an ornate altar of the Wu Jian Council.
  6060 | D:7      | Reached skill level 10 in Spellcasting
  6269 | D:7      | Noticed Dowan
  6270 | D:7      | Noticed Duvessa
  6279 | D:7      | Killed Dowan
  6281 | D:7      | Killed Duvessa
  6514 | D:7      | Offered knowledge of Magic Dart by Vehumet.
  6518 | D:7      | Reached ** piety under Vehumet
  7067 | D:8      | Reached XP level 10. HP: 50/50 MP: 14/27
  7469 | D:8      | Offered knowledge of Searing Ray by Vehumet.
  7746 | D:9      | Found a shadowy altar of Dithmenos.
  7757 | D:9      | Reached skill level 10 in Fire Magic
  8154 | D:9      | Reached *** piety under Vehumet
  8154 | D:9      | Reached skill level 10 in Conjurations
  8711 | D:10     | Entered Level 10 of the Dungeon
  8711 | D:10     | Noticed an unseen horror
  8713 | D:10     | Reached skill level 1 in Fighting
  8715 | D:10     | Killed an unseen horror
  8846 | D:9      | Offered knowledge of Iskenderun's Mystic Blast by Vehumet.
  8846 | D:9      | Reached skill level 5 in Dodging
  9070 | D:10     | Reached XP level 11. HP: 60/60 MP: 29/29
  9076 | D:10     | Found a bloodstained altar of Trog.
  9155 | D:10     | Got a fine war axe
  9156 | D:10     | Identified the +3 war axe of the Vine {chop, +Fly Dex+3}
                  | (You found it on level 10 of the Dungeon)
  9247 | D:10     | Found a staircase to the Lair.
  9302 | D:10     | Found Behesam's Weapon Shoppe.
  9306 | D:10     | Reached **** piety under Vehumet
  9436 | Lair:1   | Entered Level 1 of the Lair of Beasts
  9474 | Lair:1   | Got a fine lead ring
  9475 | Lair:1   | Identified the ring "Qeikoust" {MR+ MP+9 Str+3} (You found
                  | it on level 1 of the Lair of Beasts)
  9579 | Lair:1   | Offered knowledge of Yara's Violent Unravelling by Vehumet.
  9590 | Lair:1   | Reached skill level 5 in Fighting
  9932 | Lair:1   | Noticed a four-headed hydra
  9950 | Lair:1   | Killed a four-headed hydra
 10458 | Lair:2   | Noticed Fannar
 10470 | Lair:2   | Killed Fannar
 10701 | Lair:2   | Reached skill level 10 in Dodging
 10875 | Lair:2   | Found a staircase to the Shoals.
 11109 | Lair:2   | Reached ***** piety under Vehumet
 11419 | Lair:3   | Offered knowledge of Bolt of Magma by Vehumet.
 11419 | Lair:3   | Reached XP level 12. HP: 72/72 MP: 30/30
 11426 | Lair:3   | Learned a level 5 spell: Bolt of Magma
 11427 | Lair:3   | Found a runed translucent gate.
 11427 | Lair:3   | Found a runed translucent gate.
 11427 | Lair:3   | Found a runed translucent gate.
 11427 | Lair:3   | Noticed dforspid's ghost (journeyman DsWn)
 11525 | Lair:3   | Reached skill level 1 in Earth Magic
 11605 | Lair:3   | Noticed Urug
 11627 | Lair:3   | Killed Urug
 11905 | Lair:3   | Reached skill level 5 in Earth Magic
 12303 | Lair:4   | Noticed a five-headed hydra
 12306 | Lair:4   | Killed a five-headed hydra
 12341 | Lair:3   | Identified 2 scrolls of acquirement
 12349 | Lair:3   | Got a pair of faintly glowing gloves
 12350 | Lair:3   | Identified the +1 pair of gloves "Wijid" {SInv} (You
                  | acquired it on level 3 of the Lair of Beasts)
 12425 | Lair:4   | Found a staircase to the Snake Pit.
 13770 | Lair:5   | Noticed a catoblepas
 13793 | Lair:5   | Killed a catoblepas
 14162 | Lair:6   | Entered Level 6 of the Lair of Beasts
 14165 | Lair:6   | Reached XP level 13. HP: 76/76 MP: 32/32
 14670 | Lair:6   | Offered knowledge of Iron Shot by Vehumet.
 14679 | Lair:6   | Learned a level 6 spell: Iron Shot
 14908 | Lair:6   | Found a viscous altar of Jiyva.
 14908 | Lair:6   | Found a staircase to the Slime Pits.
 15602 | Lair:6   | Got a steaming long sword
 15603 | Lair:6   | Identified the +11 long sword of Depy {drain, *Rage *Slow
                  | Str+8 Int+8} (You found it on level 6 of the Lair of
                  | Beasts)
 15752 | Lair:6   | Upgraded the game from 0.25-a0-66-gfe83247 to
                  | 0.25-a0-71-ge910a4a
 16569 | D:11     | Found a staircase to the Orcish Mines.
 16932 | D:11     | Found a portal to a secret trove of treasure.
 17107 | D:12     | Reached skill level 15 in Spellcasting
 17204 | D:12     | Found a runed translucent gate.
 17204 | D:12     | Identified the +11 whip of Equilibrium {elec, +Rage Int-2
                  | SInv}
 17204 | D:12     | Identified the +10 short sword of Udeejis {elec, rPois MR+}
 17205 | D:12     | Found a runed translucent gate.
 17206 | D:12     | Found a runed translucent gate.
 17207 | D:12     | Noticed bonscott's ghost (journeyman GnNe)
 17273 | D:12     | Reached XP level 14. HP: 82/82 MP: 35/35
 17477 | D:12     | Found a flickering gateway to a bazaar.
 17484 | Bazaar   | Entered a bazaar
 17490 | Bazaar   | Found Fanejiqa's Jewellery Emporium.
 17490 | Bazaar   | Found Okebbura's Book Shoppe.
 17512 | Bazaar   | Learned a level 6 spell: Bolt of Fire
 17522 | Bazaar   | Bought a book of the Warp for 720 gold pieces
 17776 | D:12     | Noticed Nergalle
 17779 | D:12     | Killed Nergalle
 17779 | D:12     | Offered knowledge of Conjure Ball Lightning by Vehumet.
 18456 | D:13     | Found a runed translucent gate.
 18457 | D:13     | Found a runed translucent gate.
 18457 | D:13     | Identified the +7 great sword of the Thoughtful Places
                  | {protect, Str+3 Dex+3}
 18458 | D:13     | Found a roughly hewn altar of Beogh.
 18458 | D:13     | Found a runed translucent gate.
 18459 | D:13     | Noticed Lochoherch's ghost (journeyman DsFi)
 18462 | D:13     | Found the ring of Robustness {AC+8}
 18509 | D:13     | Killed Lochoherch's ghost
 19239 | D:14     | Found a gate to the Vaults.
 19352 | Orc:1    | Entered Level 1 of the Orcish Mines
 19494 | Orc:2    | Entered Level 2 of the Orcish Mines
 19504 | Orc:2    | Reached skill level 1 in Shields
 20180 | Orc:2    | Reached ****** piety under Vehumet
 20442 | Orc:2    | Offered knowledge of Lee's Rapid Deconstruction by Vehumet.
 20520 | Orc:2    | Found Lyid's Food Boutique.
 20520 | Orc:2    | Found Koskap's Assorted Antiques.
 20522 | Orc:2    | Found Ynnuso's Assorted Antiques.
 20524 | Orc:2    | Found Ipsajue's Antique Armour Shop.
 20569 | Orc:2    | Found a staircase to the Elven Halls.
 20630 | Orc:2    | Bought a sparkling iron amulet for 130 gold pieces
 20630 | Orc:2    | Identified the amulet "Mueggo" {Inacc Dex+2} (You bought it
                  | in a shop on level 2 of the Orcish Mines)
 20641 | Orc:2    | Bought a pair of runed boots for 277 gold pieces
 20677 | Orc:1    | Found Analim's Gadget Boutique.
 21379 | Snake:1  | Entered Level 1 of the Snake Pit
 22030 | Snake:2  | Got a slimy short sword
 22031 | Snake:2  | Identified the +7 short sword of Conscience {flame, rElec
                  | Str+2 Dex+3 Stlth-} (You found it on level 2 of the Snake
                  | Pit)
 22483 | Snake:2  | Reached XP level 15. HP: 86/86 MP: 36/36
 22499 | Snake:2  | Found Jakoi's Food Shoppe.
 22631 | Snake:2  | Noticed a nagaraja
 22631 | Snake:2  | You fall into a shaft and drop 1 floor!
 22945 | Snake:3  | Reached skill level 15 in Fire Magic
 22948 | Snake:3  | Reached skill level 15 in Conjurations
 23250 | Snake:2  | Killed a nagaraja
 23402 | Shoals:1 | Entered Level 1 of the Shoals
 24026 | Shoals:2 | Offered knowledge of Freezing Cloud by Vehumet.
 24201 | Shoals:2 | Found an ornate altar of the Wu Jian Council.
 24862 | Shoals:3 | Found Lekyamas's Weapon Shoppe.
 25243 | Shoals:3 | Noticed a kraken
 25510 | Shoals:3 | Slain by a tentacle

Levels and vault maps discovered:
D:1:      dpeg_arrival_windows_large_door, layout_rooms, minivault_26
D:2:      layout_basic, first_ration, nicolae_underground_beach
D:3:      layout_loops_ring
D:4:      layout_loops_corners, serial_forest, infiniplex_forest_end_2,
          infiniplex_forest_straight_2, infiniplex_forest_fountain,
          infiniplex_forest_lined_4_way, infiniplex_forest_clump_medium,
          infiniplex_forest_straight_1, nicolae_ossuary_entry_catacombs
D:5:      layout_loops_ring, minmay_temple_entry_gardened_gates, serial_shops,
          shop, uniq_pikel, uniq_sigmund, uniq_ijyb
D:6:      layout_rooms, overflow_temple_1_default, serial_shops,
          nicolae_shop_waterfront, nicolae_shop_crystal, kennysheep_mini_moat,
          nicolae_shop_window_shopping, gammafunk_ghost_grave,
          grunt_qazlal_clouds, uniq_eustachio
D:7:      layout_basic, the_bakery, uniq_duvessa
D:8:      layout_basic, minmay_splitting_lines
D:9:      layout_basic, minmay_misc_feat_columns,
          nicolae_dithmenos_shadow_blocks
D:10:     layout_big_octagon, grunt_lair_entry_orc_guard_hut, serial_shops,
          shop, hangedman_abyss_or_decor_passed, trog_book
D:11:     layout_long_grid, erik_orc_4, enter_trove_3
D:12:     layout_loops_corners, gammafunk_ghost_nasty_kobolds, serial_shops,
          bzr_entry_dummy, serial_bayou_pond_b, uniq_nergalle
D:13:     layout_basic, biasface_ghost_orc_armoury
D:14:     layout_loops_ring, david_vaults_3, chequers_serial_rivers_micro_b,
          gammafunk_ghost_cemetery, serial_shops, shop,
          chequers_serial_rivers_marsh, uniq_nessos, uniq_roxanne, uniq_snorg
Temple:   minmay_crystal_snake_temple
Lair:1:   layout_concentric_octagons, serial_bayou_pond_e
Lair:2:   layout_roguey, minmay_shoals_entry_hut, grunt_megastairs_1,
          uniq_fannar
Lair:3:   layout_regular_city, ebering_ghost_rock_garden, minivault_11,
          uniq_urug
Lair:4:   layout_regular_city, minmay_snake_entry_six_corridors,
          roderic_carrion_pond, serial_bayou_shore_b
Lair:5:   layout_small_grid, minmay_lair_oklob_chamber
Lair:6:   grunt_lair_end_beastmaster, layout_regular_city,
          dpeg_slime_entry_enclosed_altar, infiniplex_staircase_pool,
          grunt_megastairs_4
Shoals:1: layout_shoals
Shoals:2: layout_shoals, lemuel_altar_in_water
Shoals:3: layout_shoals, serial_shops, nicolae_shop_stone
Snake:1:  layout_rooms
Snake:2:  layout_misc_corridors, serial_shops, nicolae_shop_stone, special_room
Snake:3:  layout_cave_town
Orc:1:    layout_caves, serial_shops, shop
Orc:2:    st_orc_rangers, layout_caves

Skill      XL: |  1  2  3  4  5  6  7  8  9 10 11 12 13 14 15 |
---------------+----------------------------------------------+-----
Conjurations   | 2 3 4 5 7 9 10 11 12 14 16 | 16.4
Spellcasting   | 4 5 6 7 9 11 12 13 15 | 15.0
Fire Magic     | 4 5 6 8 9 10 11 12 14 16 | 16.4
Fighting       | 3 7 |  7.2
Dodging        | 6 10 | 10.1
Earth Magic    | 8 |  8.2
Shields        | 4 |  4.0
Stealth        | |  2.4

Action                   |  1- 3 |  4- 6 |  7- 9 | 10-12 | 13-15 || total
-------------------------+-------+-------+-------+-------+-------++-------
Melee: Club              |     1 |       |       |       |       ||     1
       Short sword       |       |     2 |     5 |       |       ||     7
       Hand axe          |       |       |    31 |       |       ||    31
       Staff             |       |       |       |     1 |     3 ||     4
Throw: Stone             |     2 |       |       |       |     2 ||     4
 Cast: Flame Tongue      |    78 |   140 |   261 |   319 |   200 ||   998
       Throw Flame       |     1 |    10 |    22 |    56 |    64 ||   153
       Sticky Flame      |       |     8 |    26 |    54 |    14 ||   102
       Fireball          |       |       |     9 |    38 |    66 ||   113
       Conjure Flame     |       |       |     4 |    10 |     2 ||    16
       Bolt of Magma     |       |       |       |    35 |   208 ||   243
       Bolt of Fire      |       |       |       |       |   124 ||   124
       Iron Shot         |       |       |       |       |    28 ||    28
  Use: Potion            |     1 |     2 |     5 |     3 |     1 ||    12
       Scroll            |     1 |     7 |     3 |    18 |    17 ||    46
  Eat: Chunk             |       |     5 |    10 |    14 |    35 ||    64
       Ration            |       |     1 |     1 |     3 |     5 ||    10
Armor: Robe              |     5 |    12 |    43 |    19 |    36 ||   115
Dodge: Dodged            |    20 |    25 |   113 |    98 |   115 ||   371
Block: Buckler           |       |       |       |       |    34 ||    34

Table legend:
 A = Non-vault XP
 B = Vault XP
 C = Vault XP percentage of total XP
 D = Non-vault monster count
 E = Vault monster count
 F = Vault count percentage of total count
                 A         B        C        D         E       F
            +---------+---------+-------+---------+---------+-------
      Total |  119321 |   28044 |  19.0 |     635 |     191 |  23.1
            +---------+---------+-------+---------+---------+-------
        D:1 |      56 |       0 |   0.0 |      29 |       0 |   0.0
        D:2 |      96 |       0 |   0.0 |      26 |       0 |   0.0
        D:3 |     274 |       0 |   0.0 |      34 |       0 |   0.0
        D:4 |      54 |     251 |  82.3 |       7 |       6 |  46.2
        D:5 |     408 |     894 |  68.7 |      16 |       3 |  15.8
        D:6 |     813 |     214 |  20.8 |      25 |       1 |   3.8
        D:7 |     807 |     433 |  34.9 |      29 |       3 |   9.4
        D:8 |    1677 |       0 |   0.0 |      22 |       0 |   0.0
        D:9 |    1839 |       0 |   0.0 |      18 |       0 |   0.0
       D:10 |    2879 |     453 |  13.6 |      32 |       4 |  11.1
       D:11 |    5275 |     544 |   9.3 |      48 |      17 |  26.2
       D:12 |    8933 |     938 |   9.5 |      34 |       3 |   8.1
       D:13 |    6701 |    2322 |  25.7 |      35 |      16 |  31.4
     Lair:1 |    5059 |       0 |   0.0 |      23 |       0 |   0.0
     Lair:2 |    3334 |    2000 |  37.5 |      16 |       6 |  27.3
     Lair:3 |    3864 |     804 |  17.2 |      16 |       1 |   5.9
     Lair:4 |    2047 |    2339 |  53.3 |       8 |      23 |  74.2
     Lair:5 |    3803 |    3250 |  46.1 |      17 |       6 |  26.1
     Lair:6 |    8354 |    9404 |  53.0 |      32 |      25 |  43.9
   Shoals:1 |    3988 |       0 |   0.0 |       7 |       0 |   0.0
   Shoals:2 |   16619 |       0 |   0.0 |      34 |       0 |   0.0
   Shoals:3 |   13231 |       0 |   0.0 |      27 |       0 |   0.0
    Snake:1 |    6557 |       0 |   0.0 |      12 |       0 |   0.0
    Snake:2 |   10659 |       0 |   0.0 |      19 |       0 |   0.0
    Snake:3 |    6190 |       0 |   0.0 |      12 |       0 |   0.0
      Orc:1 |    2571 |       0 |   0.0 |      25 |       0 |   0.0
      Orc:2 |    3233 |    3830 |  54.2 |      32 |      38 |  54.3
    Ossuary |       0 |     368 | 100.0 |       0 |      39 | 100.0
            +---------+---------+-------+---------+---------+-------
